 Dungeon Sprint DCSS version 0.29-a0-802-g34511f41fd (webtiles) character file.

Game seed: 11172890501688722395

2887 mhtbhm the Brawler (level 9, -9/100 HPs)
             Began as a Troll Transmuter on July 3, 2022.
             Was an Initiate of Gozag.
             Mangled by a manticore (24 damage)
             ... in the Dungeon (Sprint IX: "|||||||||||||||||||||||||||||").
             The game lasted 00:01:58 (788 turns).

mhtbhm the Brawler (Troll Transmuter)                Turns: 788, Time: 00:01:59

Health: -9/100     AC:  2    Str: 30    XL:     9   Next: 48%
Magic:  12/17      EV: 12    Int:  9    God:    Gozag
Gold:   0          SH:  0    Dex: 10    Spells: 10/20 levels left

rFire   x . .      SeeInvis .     - Unarmed
rCold   + + +      Faith    .   (shield currently unavailable)
rNeg    . . .      Spirit   .   (body armour currently unavailable)
rPois   +          Reflect  .   (helmet currently unavailable)
rElec   .          Harm     .   (cloak currently unavailable)
rCorr   .          Rampage  .   (gloves unavailable)
Will    .....      NoTele   +   (boots unavailable)
Stlth   +.........              (no amulet)
HPRegen 1.06/turn               m - +3 ring of strength
MPRegen 0.15/turn               n - +3 ring of strength

@: ice-form, wereblooded, corroded, gold aura
A: freezing attack, amphibious, boosted hp, large, unfitting armour, (claws 3),
regeneration 1, (shaggy fur 1), (tough skin 1)
a: End Transformation, Renounce Religion, Potion Petition, Call Merchant, Bribe
Branch


You were in the Dungeon.
You worshipped Gozag.
Gozag was noncommittal.
You were a creature of crystalline ice.
You visited 1 branch

Inventory:

Armour
 a - a +0 robe (melded)
 l - a +0 cloak (melded)
Jewellery
 m - a +3 ring of strength (left front paw)
 n - a +3 ring of strength (right front paw)
Wands
 k - a wand of iceblast (10)
Scrolls
 h - 2 scrolls of blinking
 j - 2 scrolls of amnesia
Potions
 b - a potion of lignification
 c - a potion of invisibility
 d - a potion of heal wounds
 e - a potion of haste
 f - 4 potions of magic
 g - a potion of berserk rage
 i - 4 potions of curing


   Skills:
 + Level 4.3 Fighting
 + Level 7.3 Dodging
 + Level 15.3 Unarmed Combat
 + Level 6.3 Spellcasting
 + Level 6.3 Transmutations
 + Level 1.3 Ice Magic


You had 10 spell levels left.
You knew the following spells:

 Your Spells              Type           Power      Damage    Failure   Level
a - Beastly Appendage     Tmut           28%        N/A       1%          1
b - Wereblood             Tmut           14%        N/A       2%          2
c - Spider Form           Tmut/Pois      8%         N/A       17%         3
d - Ice Form              Ice/Tmut       9%         N/A       41%         4

Your spell library contained the following spells:

 Spells                   Type           Power      Damage    Failure   Level


Dungeon Overview and Level Annotations

Branches:
Dungeon (1/1)

Altars:
Cheibriados
Dithmenos
Elyvilon
Fedhas
Gozag
Hepliaklqana
Kikubaaqudgha
Makhleb
Nemelex Xobeh
Okawaru
Qazlal
Ru
Sif Muna
Trog
Uskayaw
Vehumet
Wu Jian
Xom
Yredelemnul
Zin
The Shining One
Jiyva
Lugonu


Innate Abilities, Weirdness & Mutations

You are a creature of crystalline ice.
You have a powerful freezing melee attack.
You are amphibious.
Your maximum health is increased.
Your armour is entirely melded.
You are incapable of wielding weapons or throwing items.
You are too large for most types of armour.
((You have claws for hands.))
Your natural rate of healing is unusually fast.
((You are covered in fur. (AC +1)))
((You have tough skin. (AC +1)))


Message History

HP restored.
Unknown command.
Casting: Wereblood (safe; 2% risk of failure)
Confirm with . or Enter, or press ? or * to list all spells.
You turn into a creature of crystalline ice.
Your +0 cloak melds into your body.
Your +0 robe melds into your body.
Casting: Ice Form (dangerous; 41% risk of failure)
Confirm with . or Enter, or press ? or * to list all spells.
Your blood is infused with primal strength.
You open the door.
The acid dragon roars!
The acid dragon spits acid at you. The splash of acid misses you.
There is an open door, spattered with blood here.
The acid dragon bites you! The acid dragon barely misses you.
Items here: $ )) [.
Unknown command.
You punch the acid dragon! You freeze the acid dragon.
The acid dragon is heavily wounded.
The acid dragon spits acid at you. The splash of acid hits you!
The acid corrodes you!
Unknown command.
You pummel the acid dragon!! You freeze the acid dragon.
You feel a bit better.
You kill the acid dragon!
Unknown command.
The manticore bites you!! The manticore misses you. The manticore claws you.
You see here 144 gold pieces.
You hit the manticore but do no damage. The manticore bites you!!
The manticore claws you.
* * * LOW HITPOINT WARNING * * *
The manticore misses you.
You hit the manticore but do no damage.
You howl as the wereblood boils in your veins!
The manticore completely misses you. The manticore claws you.
* * * LOW HITPOINT WARNING * * *
The manticore claws you!
* * * LOW HITPOINT WARNING * * *
You hit the manticore but do no damage. The manticore bites you!!
You die...
Your body crumbles into a pile of gold.

▓$▓
$
▓$▓
$ $
▓.▓
$
▓.▓
$ $
▓.▓
$
▓.▓
$
▓'▓
▓$▓
▓Y▓
▓H▓
▓.▓
▓.▓
▓.▓
▓+▓


You could see a manticore.

Vanquished Creatures
  A centaur warrior (D)
  An ugly thing (D)
  A deep elf pyromancer (D)
  A manticore (D)
  A hornet (D)
  A shadow (D)
  2 yaks (D)
  2 acid dragons (D)
  A centaur (D)
  A hound (D)
  A jelly (D)
  An iguana (D)
  A dart slug (D)
  2 orcs (D)
  A goblin (D)
  A bat (D)
  2 kobolds (D)
21 creatures vanquished.

Notes
Turn   | Place    | Note
-------+----------+-------------------------------------------
     0 | D        | mhtbhm the Troll Transmuter began the quest for the Orb.
     0 | D        | Reached XP level 1. HP: 18/18 MP: 1/1
    18 | D        | Reached skill level 4 in Unarmed Combat
    45 | D        | Noticed a jelly
    45 | D        | Noticed an iguana
    45 | D        | Noticed a hound
    48 | D        | Killed a jelly
    49 | D        | Reached skill level 5 in Unarmed Combat
    49 | D        | Reached XP level 2. HP: 26/26 MP: 2/4
    49 | D        | Reached XP level 3. HP: 32/32 MP: 2/5
    54 | D        | Reached skill level 6 in Unarmed Combat
    64 | D        | Reached skill level 1 in Fighting
    64 | D        | Reached skill level 7 in Unarmed Combat
    64 | D        | Reached XP level 4. HP: 4/41 MP: 2/6
   177 | D        | Found a snail-covered altar of Cheibriados.
   177 | D        | Found a shadowy altar of Dithmenos.
   177 | D        | Found a white marble altar of Elyvilon.
   177 | D        | Found a blossoming altar of Fedhas.
   177 | D        | Found an opulent altar of Gozag.
   178 | D        | Found a hazy altar of Hepliaklqana.
   179 | D        | Found a viscous altar of Jiyva.
   180 | D        | Found an ancient bone altar of Kikubaaqudgha.
   181 | D        | Found a corrupted altar of Lugonu.
   182 | D        | Found a burning altar of Makhleb.
   183 | D        | Found a sparkling altar of Nemelex Xobeh.
   184 | D        | Found an iron altar of Okawaru.
   185 | D        | Became a worshipper of Gozag Ym Sagoz the Greedy
   186 | D        | Found a stormy altar of Qazlal.
   187 | D        | Found a sacrificial altar of Ru.
   188 | D        | Found a shimmering blue altar of Sif Muna.
   189 | D        | Found a bloodstained altar of Trog.
   190 | D        | Found a hide-covered altar of Uskayaw.
   191 | D        | Found a radiant altar of Vehumet.
   192 | D        | Found an ornate altar of the Wu Jian Council.
   193 | D        | Found a shimmering altar of Xom.
   194 | D        | Found a basalt altar of Yredelemnul.
   195 | D        | Found a glowing silver altar of Zin.
   196 | D        | Found a glowing golden altar of the Shining One.
   233 | D        | Learned a level 2 spell: Wereblood
   237 | D        | Learned a level 3 spell: Spider Form
   239 | D        | Noticed an acid dragon
   239 | D        | Noticed a hornet
   239 | D        | Noticed a yak
   239 | D        | Noticed a yak
   239 | D        | Noticed a shadow
   239 | D        | Noticed a centaur
   241 | D        | Killed an acid dragon
   242 | D        | Reached skill level 8 in Unarmed Combat
   242 | D        | Reached XP level 5. HP: 26/49 MP: 3/9
   246 | D        | Killed a hornet
   247 | D        | Reached skill level 5 in Dodging
   247 | D        | Reached skill level 10 in Unarmed Combat
   247 | D        | Reached XP level 6. HP: 55/57 MP: 3/11
   253 | D        | Killed a yak
   254 | D        | Reached skill level 11 in Unarmed Combat
   254 | D        | Reached XP level 7. HP: 28/66 MP: 4/12
   468 | D        | Learned a level 4 spell: Ice Form
   474 | D        | Killed a yak
   477 | D        | Killed a shadow
   478 | D        | Reached skill level 12 in Unarmed Combat
   490 | D        | Noticed a deep elf pyromancer
   490 | D        | Noticed a manticore
   490 | D        | Noticed a centaur warrior
   490 | D        | Noticed a brown ugly thing
   490 | D        | Noticed a manticore
   497 | D        | Noticed a fire elemental
   497 | D        | Killed a deep elf pyromancer
   498 | D        | Reached skill level 13 in Unarmed Combat
   498 | D        | Reached skill level 5 in Spellcasting
   498 | D        | Reached skill level 5 in Transmutations
   498 | D        | Reached XP level 8. HP: 46/75 MP: 9/15
   704 | D        | Killed a manticore
   711 | D        | Killed a centaur warrior
   712 | D        | Reached skill level 14 in Unarmed Combat
   712 | D        | Reached skill level 1 in Ice Magic
   712 | D        | Reached XP level 9. HP: 69/84 MP: 10/17
   717 | D        | Killed a brown ugly thing
   718 | D        | Reached skill level 15 in Unarmed Combat
   788 | D        | Mangled by a manticore

Illustrated notes

Levels and vault maps discovered:
D:        linesprint [early_d, line_temple, items_1, d_10, items_2, lair_1,
          lair_end, items_3, orc_1, orc_end, items_4, d_15, swamp_1, shoals_1,
          snake_1, spider_1, d_20, vaults_1, items_5, swamp_end, shoals_end,
          snake_end, spider_end, vaults_end, d_27, items_6, zot_1, zot_end,
          crypt_end, forest_end, elf_end, slime_end, tomb_end, abyss_end,
          pan_hell_end]

Skill      XL: |  1  2  3  4  5  6  7  8  9 |
---------------+----------------------------+-----
Unarmed Combat | 5 7 8 10 11 13 14 15 | 15.3
Dodging        | 2 3 4 5 6 7 |  7.3
Spellcasting   | 2 3 4 5 6 |  6.3
Transmutations | 2 3 4 5 6 |  6.3
Fighting       | 1 2 3 4 |  4.3
Ice Magic      | 1 |  1.3

Action                   |  1- 3 |  4- 6 |  7- 9 || total
-------------------------+-------+-------+-------++-------
Melee: Unarmed           |    29 |    14 |    31 ||    74
       Kick              |     4 |     2 |       ||     6
       Headbutt          |     1 |     2 |       ||     3
       Punch             |       |     2 |       ||     2
 Cast: Beastly Appendage |     2 |     1 |       ||     3
       Wereblood         |       |     1 |     3 ||     4
       Ice Form          |       |       |     3 ||     3
  Use: Potion            |       |     2 |     1 ||     3
Armor: Robe              |     5 |     2 |       ||     7
       Skin              |       |       |     6 ||     6
Dodge: Dodged            |     9 |     7 |    14 ||    30

Table legend: (Time is in decaauts)
 A = Elapsed time spent in this place.
 B = Non-inter-level travel time spent in this place.
 C = Inter-level travel time spent in this place.
 D = Time resting spent in this place.
 E = Time spent auto-exploring this place.
 F = Levels seen in this place.
 G = Mean time per level.
                   A        B        C        D        E       F      G
               +--------+--------+--------+--------+--------+-----+--------+
         Total |    774 |    774 |      0 |    573 |      3 |   1 |  774.0 |
       Dungeon |    774 |    774 |      0 |    573 |      3 |   1 |  774.0 |
               +--------+--------+--------+--------+--------+-----+--------+

Top non-repeatable levels by time:
       D: 774 daAuts
